 Dungeon Crawl Stone Soup version 0.23-a0-175-g97aacdb306 (webtiles) character file.

56 Jesh the Vexing (level 3, -2/16 HPs)
             Began as a Spriggan Enchanter on Sept 16, 2018.
             Killed by divine providence
             ... invoked by an orc priest
              (17 damage)
             ... on level 3 of the Dungeon.
             The game lasted 00:05:53 (1971 turns).

Jesh the Vexing (Spriggan Enchanter)                Turns: 1971, Time: 00:05:53

Health: -2/16      AC:  3    Str:  2    XL:     3   Next: 71%
Magic:  4/9        EV: 18    Int: 17    God:
Gold:   80         SH:  0    Dex: 18    Spells: 1/10 levels left

rFire    . . .     SeeInvis +   c - +0 short sword (drain)
rCold    . . .     Gourm    .   (shield restricted)
rNeg     . . .     Faith    .   b - +0 robe
rPois    .         Spirit   .   (helmet restricted)
rElec    .         Reflect  .   e - +0 cloak
rCorr    .         Harm     .   (gloves unavailable)
MR       .....                  (boots unavailable)
Stlth    ++........             f - amulet of the acrobat
HPRegen  0.05/turn              (no ring)
MPRegen  0.11/turn              (no ring)

@: drained, slow
A: very small, unfitting armour, antennae 1, see invisible, agile 1, herbivore,
speed 3, slow metabolism 2, weak 1, wild magic 1
a: no special abilities


You were on level 3 of the Dungeon.
You were hungry.

You visited 1 branch of the dungeon, and saw 3 of its levels.

You collected 80 gold pieces.

Inventory:

Hand Weapons
 a - a +2 dagger
 c - a +0 short sword of draining (weapon)
Armour
 b - a +0 robe (worn)
 e - a +0 cloak (worn)
Jewellery
 f - an amulet of the acrobat (around neck)
Potions
 g - a potion of curing
Comestibles
 d - 7 rations


   Skills:
 - Level 1.1(0.4) Short Blades
 - Level 3.0(2.3) Dodging
 - Level 4.4(3.7) Stealth
 + Level 4.1(3.4) Spellcasting
 + Level 4.7(4.1) Hexes


You had one spell level left.
You knew the following spells:

 Your Spells              Type           Power        Failure   Level  Hunger
a - Ensorcelled Hibernat  Hex/Ice        ##....       16%         2    ##.....
b - Corona                Hex            ###....      5%          1    None
c - Confuse               Hex            ###.....     14%         3    ###....
d - Tukima's Dance        Hex            ###.....     14%         3    ###....

Your spell library contained the following spells:

 Spells                   Type           Power        Failure   Level  Hunger
 Dazzling Spray           Conj/Hex       ##....       30%         3    ###....


Dungeon Overview and Level Annotations

Branches:
Dungeon (3/15)

Altars:
Kikubaaqudgha


Innate Abilities, Weirdness & Mutations

You are very small and have problems with some larger weapons.
You are too small for most types of armour.
You have supernaturally acute eyesight. (SInv)
You are a herbivore.
You cover ground extremely quickly.
You need to consume almost no food.
You have a pair of small antennae on your head.
You are agile. (Dex +2)
You are weak. (Str -2)
Your spells are a little harder to cast, but a little more powerful.


Message History

Found a potion of curing.
A worm comes into view.
You see here a potion of curing.
g - a potion of curing The orc priest miscasts a cantrip.
You enter the shallow water.
Moving in this stuff is going to be slow.
Casting: Ensorcelled Hibernation (safe; 16% risk of failure)
Confirm with . or Enter, or press ? or * to list all spells.
Aiming: Ensorcelled Hibernation (safe; 16% risk of failure)
Press: ? - help, Shift-Dir - straight line, f - worm
Aim: a worm (chance to defeat MR: 51%)
The worm looks drowsy...
You enter the shallow water.
Moving in this stuff is going to be slow.
Your unstable footing causes you to fumble your attack.
The orc priest invokes the aid of Beogh against you.
Beogh smites you!
Ouch! That really hurt!
You die...

....!o.......
#...##.....# .
#...##.....# ..
#...##.....#####..
#.oo##.....##...
#..o##.....##.#####
#...# #..........#.#
#..(# #.....≈......#
..#...####o≈.≈≈≈@≈..###
......o...≈o#≈#w#####
....#####.≈≈≈≈≈≈≈≈ ....
...########≈# ....
....# # .### ###### #


You could see a worm (sleeping), an orc priest and an orc.

Vanquished Creatures
  An adder (D:3)
  An ooze (D:1)
  A leopard gecko (D:3)
  5 bats
  3 giant cockroaches
  4 goblins
  7 hobgoblins
  5 jackals
  3 ball pythons (D:1)
  3 kobolds
  3 rats
36 creatures vanquished.

Notes
Turn   | Place    | Note
-------+----------+-------------------------------------------
     0 | D:1      | Jesh the Spriggan Enchanter began the quest for the Orb.
     0 | D:1      | Reached XP level 1. HP: 9/9 MP: 5/5
   114 | D:1      | Reached XP level 2. HP: 13/13 MP: 7/7
   118 | D:1      | Learned a level 2 spell: Ensorcelled Hibernation
  1081 | D:1      | Reached XP level 3. HP: 15/16 MP: 9/9
  1292 | D:1      | Learned a level 3 spell: Confuse
  1296 | D:1      | Learned a level 3 spell: Tukima's Dance
  1378 | D:2      | Found an ancient bone altar of Kikubaaqudgha.
  1479 | D:2      | Found a faded altar of an unknown god.
  1861 | D:3      | Noticed an ice beast
  1902 | D:3      | Gained mutation: You are weak. (Str -2) [potion of
                  | mutation]
  1902 | D:3      | Gained mutation: You have a pair of small antennae on your
                  | head. [potion of mutation]
  1902 | D:3      | Gained mutation: Your spells are a little harder to cast,
                  | but a little more powerful. [potion of mutation]
  1902 | D:3      | Gained mutation: You are agile. (Dex +2) [potion of
                  | mutation]
  1971 | D:3      | Killed from afar by an orc priest

Vault maps used:
D:1:      erik_arrival_triangle_small, minmay_shallow_snake_nest
D:2:      gammafunk_temple_overflow_statue, chequers_ecumenical_altar_simple,
          kennysheep_flooded_box
D:3:      nicolae_overflow_crystal_walls, lightli_sewer_entry_pipes,
          minmay_misc_feat_hallway

Skill      XL: |  1  2  3 |
---------------+----------+-----
Spellcasting   | 3 4 |  4.1
Hexes          | 4 |  4.7
Short Blades   | |  1.1
Dodging        | |  3.0
Stealth        | |  4.4

Action                   || total
-------------------------++-------
Melee: Dagger            ||   124
       Short sword       ||    18
 Cast: Ensorcelled Hiber ||    30
  Use: Scroll            ||     6
       Potion            ||     3
 Stab: Sleeping          ||    16
Armor: Robe              ||    20
Dodge: Dodged            ||   160

Table legend:
 A = Non-vault XP
 B = Vault XP
 C = Vault XP percentage of total XP
 D = Non-vault monster count
 E = Vault monster count
 F = Vault count percentage of total count
                 A         B        C        D         E       F
            +---------+---------+-------+---------+---------+-------
      Total |      76 |       5 |   6.2 |      33 |       3 |   8.3
            +---------+---------+-------+---------+---------+-------
        D:1 |      38 |       5 |  11.6 |      19 |       3 |  13.6
        D:2 |       7 |       0 |   0.0 |       4 |       0 |   0.0
        D:3 |      31 |       0 |   0.0 |      10 |       0 |   0.0
            +---------+---------+-------+---------+---------+-------
